 Dungeon Crawl Stone Soup version 0.20.1-1-g8b1a95d (webtiles) character file.

10248 pool77 the Cleaver (level 11, -4/107 HPs)
             Began as a Troll Fighter on Dec 8, 2017.
             Was a Follower of the Shining One.
             Slain by a nine-headed hydra (5 damage)
             ... on level 2 of the Lair of Beasts.
             The game lasted 00:49:57 (10554 turns).

pool77 the Cleaver (Troll Fighter)                 Turns: 10554, Time: 00:49:58

Health: -4/107     AC: 10    Str: 26    XL:     11   Next: 33%
Magic:  10/10      EV: 13    Int:  5    God:    the Shining One [*.....]
Gold:   545        SH: 13    Dex: 15    Spells: 9/10 levels left

rFire    . . .     SeeInvis .   a - +5 war axe
rCold    . . .     Gourm    +   c - +2 shield
rNeg     . . .     Faith    .   o - +2 robe {MR+}
rPois    .         Spirit   .   (helmet restricted)
rElec    .         Reflect  .   (no cloak)
rCorr    .         Harm     .   (gloves unavailable)
MR       +....                  (boots unavailable)
Stlth    +.........             v - amulet of rage
Regen    0.7/turn               j - ring of flight
MPRegen  0.2/turn               k - +3 ring of protection

@: glowing
A: unfitting armour, claws 3, thin skeletal structure 1, agile 1, blurry vision
1, fast metabolism 3, gourmand, regeneration 1, shaggy fur 1, tough skin 2, wild
magic 1
a: Renounce Religion, Evoke Berserk Rage, Evoke Flight


You were on level 2 of the Lair of Beasts.
You worshipped the Shining One.
The Shining One was aware of your devotion.
You were completely stuffed.

You visited 3 branches of the dungeon, and saw 12 of its levels.

You collected 545 gold pieces.

Inventory:

Hand Weapons
 a - a +5 war axe (weapon)
 H - a +1 hunting sling of flaming
Missiles
 i - 3 large rocks
 s - 8 tomahawks (quivered)
 A - 212 stones
 P - 42 sling bullets
Armour
 b - a +1 robe
 c - a +2 shield (worn)
 o - a +2 robe of magic resistance (worn)
Jewellery
 j - a ring of flight (left claw)
 k - a +3 ring of protection (right claw)
 v - an amulet of rage (around neck)
 w - an uncursed ring of protection from magic
 y - an uncursed ring of resist corrosion
 K - a +6 ring of intelligence
 O - an uncursed ring of stealth {unknown}
 Q - an uncursed ring of ice
Wands
 h - a wand of iceblast (3/15)
 l - a wand of flame (26/48)
 m - a wand of paralysis (14/24)
 q - a wand of lightning (15/15)
 E - a wand of iceblast (5/15)
 T - a wand of iceblast (8/15)
Scrolls
 e - 6 scrolls of teleportation
 p - 2 scrolls of remove curse
 r - 2 scrolls of fear
 F - 4 scrolls of amnesia
 L - 2 scrolls of magic mapping
Potions
 g - 2 potions of curing
 t - a potion of heal wounds
 z - 3 potions of haste
 J - a potion of lignification {unknown}
Books
 d - a book of Necromancy

   Spells                             Type                      Level
   a - Pain                           Necromancy                   1
   b - Animate Skeleton               Necromancy                   1
   c - Vampiric Draining              Necromancy                   3
   d - Regeneration                   Charms/Necromancy            3
   e - Animate Dead                   Necromancy                   4
   f - Control Undead                 Necromancy                   4
   The Shining One disapproves of the use of such an item.
 u - a book of Cantrips

   Spells                             Type                      Level
   a - Confusing Touch                Hexes                        1
   b - Animate Skeleton               Necromancy                   1
   c - Summon Small Mammal            Summoning                    1
   d - Apportation                    Translocation                1
 x - Sif Muna's Grimoire of Bewitchment
   (You found it on level 3 of the Dungeon)

   Spells                             Type                      Level
   a - Corona                         Hexes                        1
 B - a book of Maledictions

   Spells                             Type                      Level
   a - Corona                         Hexes                        1
   b - Ensorcelled Hibernation        Hexes/Ice                    2
   c - Confuse                        Hexes                        3
   d - Tukima's Dance                 Hexes                        3
   e - Dazzling Spray                 Conjuration/Hexes            3
 G - a book of Conjurations

   Spells                             Type                      Level
   a - Magic Dart                     Conjuration                  1
   b - Searing Ray                    Conjuration                  2
   c - Dazzling Spray                 Conjuration/Hexes            3
   d - Fulminant Prism                Conjuration/Hexes            4
   e - Force Lance                    Conjuration/Translocation    4
   f - Iskenderun's Mystic Blast      Conjuration                  4
 I - a book of Conjurations

   Spells                             Type                      Level
   a - Magic Dart                     Conjuration                  1
   b - Searing Ray                    Conjuration                  2
   c - Dazzling Spray                 Conjuration/Hexes            3
   d - Fulminant Prism                Conjuration/Hexes            4
   e - Force Lance                    Conjuration/Translocation    4
   f - Iskenderun's Mystic Blast      Conjuration                  4
 R - a book of Frost

   Spells                             Type                      Level
   a - Freeze                         Ice                          1
   b - Throw Frost                    Conjuration/Ice              2
   c - Ozocubu's Armour               Charms/Ice                   3
   d - Throw Icicle                   Conjuration/Ice              4
   e - Summon Ice Beast               Ice/Summoning                4
Comestibles
 f - 6 bread rations
 n - 4 royal jellies
 C - 2 fruits
 N - a meat ration


   Skills:
 + Level 6.4 Fighting
 + Level 10.1 Axes
 + Level 3.1 Throwing
 + Level 7.0 Dodging
 + Level 1.0 Stealth
 + Level 6.7 Shields
 + Level 0.7 Evocations


You had 9 spell levels left.
You knew the following spells:

 Your Spells              Type           Power        Failure   Level  Hunger
a - Apportation           Tloc           #.....       73%         1    ##.....


Dungeon Overview and Level Annotations

Branches:
Dungeon (9/15)             Temple (1/1) D:7            Lair (2/6) D:9
  Snake (0/4) Lair:2
  Swamp: Lair:2-4    Shoals: Lair:2-4       Orc: D:9-12

Altars:
Ashenzari
Cheibriados
Dithmenos
Elyvilon
Fedhas
Gozag
Hepliaklqana
Kikubaaqudgha
Makhleb
Nemelex Xobeh
Okawaru
Qazlal
Ru
Sif Muna
Trog
Uskayaw
Vehumet
Xom
Yredelemnul
Zin
The Shining One

Shops:
D:4 (

Annotations:
D:2 Natasha


Innate Abilities, Weirdness & Mutations

You are too large for most types of armour.
You have claws for hands.
Your metabolism is lightning-fast.
You like to eat raw meat.
Your natural rate of healing is unusually fast.
You are covered in fur. (AC +1)
You have very tough skin. (AC +2)
You have a somewhat thin skeletal structure. (Dex +2, Stealth)
You are agile. (Dex +2)
Scrolls take you a little longer to read.
Your spells are a little harder to cast, but a little more powerful.


Message History

* * * LOW HITPOINT WARNING * * *
The nine-headed hydra bites you!
* * * LOW HITPOINT WARNING * * *
The nine-headed hydra barely misses you.
The nine-headed hydra closely misses you. x2
The nine-headed hydra bites you.
* * * LOW HITPOINT WARNING * * *
You block the nine-headed hydra's attack.
Really read with blurry vision while enemies are nearby?
Uppercase [Y]es or [N]o only, please.
Really read with blurry vision while enemies are nearby?
You begin reading the scroll.
You continue reading the scroll.
The nine-headed hydra completely misses you.
The nine-headed hydra closely misses you.
The nine-headed hydra bites you!
* * * LOW HITPOINT WARNING * * *
The nine-headed hydra bites you.
* * * LOW HITPOINT WARNING * * *
The nine-headed hydra bites you.
You die...

#...≈≈≈.N.≈≈
#....≈≈≈≈≈≈≈
##.(...≈≈≈≈≈
#.......#
#.....#.#
##....(###
##..#..(#.#
#..P....D##
#.......#@P#
#..#.#..P#.#
##.#..P.##.##
#P.PP...#...#
..P.#....#..#
.PP.#...P#..#
...#.P..PP.##
.....#..PP.#
#..
PP...P...P##
#..


You could see a nine-headed hydra.

Vanquished Creatures
  3 two-headed ogres (D:9)
  Nergalle (Lair:1)
  Pikel (D:5)
  Joseph (D:9)
  2 spiny frogs
  A komodo dragon (Lair:1)
  4 polar bears (Lair:2)
  2 trolls
  2 hippogriffs
  Sigmund (D:2)
  A wyvern (D:8)
  5 yaks
  A basilisk (Lair:1)
  A naga (Lair:2)
  2 water moccasins
  A floating eye (D:9)
  A black bear (D:7)
  2 orc warriors (D:6)
  2 ice beasts
  3 ogres
  2 crocodiles
  A centaur (D:9)
  Blork the orc (D:5)
  5 bullfrogs
  A gnoll sergeant (D:9)
  3 scorpions
  A wyvern skeleton (D:9)
  A killer bee (D:9)
  3 wights (D:8)
  A howler monkey (D:9)
  2 electric eels (Lair:1)
  A bullfrog zombie (D:6)
  A crimson imp (D:9)
  3 hounds
  A jelly (D:9)
  An orc priest (D:6)
  6 orc wizards
  A gnoll shaman (D:6)
  Jessica (D:2)
  3 iguanas
  Natasha (D:2)
  8 worker ants
  2 hound zombies
  11 gnolls
  17 adders
  A shadow imp (D:8)
  An ooze (D:3)
  2 adder skeletons
  2 worms (D:2)
  2 dart slugs
  4 leopard geckos
  25 orcs
  12 bats
  4 giant cockroaches
  5 goblins
  5 hobgoblins
  8 jackals
  7 kobolds
  8 quokkas
  4 ball pythons
  2 frilled lizards
  A leopard gecko zombie (D:7)
  7 rats
  A fungus (Lair:1)
216 creatures vanquished.

Vanquished Creatures (others)
  A bullfrog (D:7)
  A quasit (D:7)
  A bullfrog zombie (D:5)
  An orc wizard (D:5)
  An orc (D:5)
5 creatures vanquished.

Grand Total: 221 creatures vanquished

Notes
Turn   | Place    | Note
-------+----------+-------------------------------------------
     0 | D:1      | pool77 the Troll Fighter began the quest for the Orb.
     0 | D:1      | Reached XP level 1. HP: 22/22 MP: 0/0
   262 | D:1      | Reached XP level 2. HP: 22/29 MP: 1/1
   513 | D:1      | Reached skill level 2 in Axes
   513 | D:1      | Reached XP level 3. HP: 20/36 MP: 2/2
   878 | D:2      | Noticed Sigmund
   898 | D:2      | Killed Sigmund
   898 | D:2      | Reached skill level 3 in Axes
   898 | D:2      | Reached XP level 4. HP: 5/45 MP: 3/3
   898 | D:2      | Reached XP level 5. HP: 6/53 MP: 4/4
   994 | D:2      | Noticed Jessica
  1008 | D:2      | Killed Jessica
  1260 | D:2      | Found a shimmering altar of Xom.
  1260 | D:2      | Found a burning altar of Makhleb.
  1390 | D:2      | Noticed Natasha
  1417 | D:2      | Killed Natasha
  1417 | D:2      | Reached XP level 6. HP: 7/61 MP: 5/5
  1745 | D:2      | Noticed Natasha
  1896 | D:2      | Found a hazy altar of Hepliaklqana.
  1896 | D:2      | Found a stormy altar of Qazlal.
  1977 | D:3      | Gained mutation: You have large cloven feet. [potion of mutation]
  1977 | D:3      | Gained mutation: Your flesh is cold resistant. (rC+) [potion of mutation]
  1977 | D:3      | Gained mutation: You possess an exceptional clarity of mind. [potion of mutation]
  2001 | D:3      | Lost mutation: You possess an exceptional clarity of mind. [potion of mutation]
  2001 | D:3      | Lost mutation: You have large cloven feet. [potion of mutation]
  2001 | D:3      | Lost mutation: Your flesh is cold resistant. (rC+) [potion of mutation]
  2001 | D:3      | Gained mutation: You heal very quickly. [potion of mutation]
  2001 | D:3      | Gained mutation: You are partially covered in slimy green scales. (AC +2) [potion of mutation]
  2134 | D:3      | Found a blossoming altar of Fedhas.
  2411 | D:3      | Reached skill level 4 in Axes
  2553 | D:3      | Found a deep blue altar of Sif Muna.
  2636 | D:3      | Reached XP level 7. HP: 62/67 MP: 6/6
  2637 | D:3      | Identified Sif Muna's Grimoire of Bewitchment
  2853 | D:4      | Learned a level 1 spell: Apportation
  2876 | D:4      | Found Teid's Antique Weapon Emporium.
  3337 | D:5      | Entered Level 5 of the Dungeon
  3361 | D:5      | Noticed Pikel
  3373 | D:5      | Killed Pikel
  3373 | D:5      | Reached skill level 5 in Axes
  3373 | D:5      | Reached XP level 8. HP: 62/78 MP: 7/7
  4026 | D:5      | Noticed Blork the orc
  4045 | D:5      | Killed Blork the orc
  4508 | D:6      | Reached skill level 5 in Dodging
  4576 | D:6      | Lost mutation: You heal very quickly. [potion of mutation]
  4576 | D:6      | Lost mutation: You are partially covered in slimy green scales. (AC +2) [potion of mutation]
  4576 | D:6      | Gained mutation: Your spells are a little easier to cast, but a little less powerful. [potion of mutation]
  4576 | D:6      | Gained mutation: You have a somewhat thin skeletal structure. (Dex +2, Stealth) [potion of mutation]
  4577 | D:6      | Lost mutation: Your spells are a little easier to cast, but a little less powerful. [potion of mutation]
  4577 | D:6      | Gained mutation: You expend magic power (3 MP) to strengthen your wands. [potion of mutation]
  4577 | D:6      | Gained mutation: You are dopey. (Int -2) [potion of mutation]
  4577 | D:6      | Gained mutation: You are resistant to hostile enchantments. (MR+) [potion of mutation]
  4577 | D:6      | Gained mutation: Your spells are a little harder to cast, but a little more powerful. [potion of mutation]
  4578 | D:6      | Lost mutation: You are resistant to hostile enchantments. (MR+) [potion of mutation]
  4578 | D:6      | Lost mutation: You expend magic power (3 MP) to strengthen your wands. [potion of mutation]
  4578 | D:6      | Gained mutation: You have large cloven feet. [potion of mutation]
  4578 | D:6      | Gained mutation: You heal very quickly. [potion of mutation]
  4578 | D:6      | Gained mutation: You can translocate small distances at will. [potion of mutation]
  4604 | D:6      | Found a shattered altar of Ashenzari.
  4756 | D:6      | Lost mutation: You can translocate small distances at will. [potion of mutation]
  4756 | D:6      | Lost mutation: You have large cloven feet. [potion of mutation]
  4756 | D:6      | Lost mutation: You are dopey. (Int -2) [potion of mutation]
  4756 | D:6      | Gained mutation: You are weak. (Str -2) [potion of mutation]
  4756 | D:6      | Lost mutation: You are weak. (Str -2) [potion of mutation]
  4756 | D:6      | Gained mutation: You are frail. (-10% HP) [potion of mutation]
  4756 | D:6      | Gained mutation: You evolve. [potion of mutation]
  4757 | D:6      | Lost mutation: You heal very quickly. [potion of mutation]
  4757 | D:6      | Lost mutation: You evolve. [potion of mutation]
  4757 | D:6      | Lost mutation: You are frail. (-10% HP) [potion of mutation]
  4757 | D:6      | Gained mutation: Scrolls take you a little longer to read. [potion of mutation]
  4757 | D:6      | Gained mutation: You are agile. (Dex +2) [potion of mutation]
  4843 | D:6      | Reached skill level 6 in Axes
  4945 | D:6      | Found a deep blue altar of Sif Muna.
  5590 | D:7      | Noticed a hippogriff
  5605 | D:7      | Killed a hippogriff
  5605 | D:7      | Reached skill level 5 in Shields
  5605 | D:7      | Reached XP level 9. HP: 49/85 MP: 8/8
  5790 | D:7      | Found a snail-covered altar of Cheibriados.
  5859 | D:7      | Found a staircase to the Ecumenical Temple.
  5867 | Temple   | Entered the Ecumenical Temple
  5908 | Temple   | Became a worshipper of the Shining One
  6035 | D:7      | Found a bloodstained altar of Trog.
  6102 | D:7      | Found a snail-covered altar of Cheibriados.
  6433 | D:8      | Noticed a troll
  6452 | D:8      | Killed a troll
  6463 | D:8      | Reached skill level 5 in Fighting
  6463 | D:8      | Reached skill level 7 in Axes
  6698 | D:8      | Found an opulent altar of Gozag.
  6698 | D:8      | Found a sparkling altar of Nemelex Xobeh.
  6934 | D:8      | Reached skill level 1 in Throwing
  7608 | D:9      | Reached * piety under the Shining One
  7609 | D:9      | Noticed a two-headed ogre
  7610 | D:9      | Reached skill level 8 in Axes
  7618 | D:9      | Killed a two-headed ogre
  7618 | D:9      | Reached XP level 10. HP: 42/96 MP: 9/9
  7643 | D:9      | Paralysed by a floating eye for 3 turns
  7647 | D:9      | Noticed a two-headed ogre
  7652 | D:9      | Paralysed by a floating eye for 4 turns
  7672 | D:9      | Killed a two-headed ogre
  7694 | D:9      | Noticed a two-headed ogre
  7709 | D:9      | Killed a two-headed ogre
  7709 | D:9      | Reached skill level 9 in Axes
  7862 | D:9      | Found a staircase to the Lair.
  8048 | D:9      | Noticed Joseph
  8059 | D:9      | Killed Joseph
  8400 | Lair:1   | Entered Level 1 of the Lair of Beasts
  8400 | Lair:1   | Noticed Nergalle
  8706 | Lair:1   | Killed Nergalle
  9619 | Lair:1   | Noticed a spiny frog
  9627 | Lair:1   | Killed a spiny frog
  9627 | Lair:1   | Reached XP level 11. HP: 81/105 MP: 10/10
 10297 | Lair:2   | Reached skill level 1 in Stealth
 10315 | Lair:2   | Reached skill level 10 in Axes
 10523 | Lair:2   | Found a staircase to the Snake Pit.
 10539 | Lair:2   | Noticed a four-headed hydra
 10550 | Lair:2   | HP: 1/107 [nine-headed hydra (18)]
 10554 | Lair:2   | Slain by a nine-headed hydra

Skill      XL: |  1  2  3  4  5  6  7  8  9 10 11 |
---------------+----------------------------------+-----
Axes           | 2 3 4 5 6 8 9 10 | 10.1
Fighting       | 3 4 5 6 |  6.4
Dodging        | 3 4 5 6 7 |  7.0
Shields        | 3 4 5 6 |  6.7
Throwing       | 1 2 3 |  3.1
Stealth        | 1 |  1.0
Evocations     | |  0.7

Action                   |  1- 3 |  4- 6 |  7- 9 | 10-12 || total
-------------------------+-------+-------+-------+-------++-------
Melee: War axe           |    80 |   262 |   388 |   168 ||   898
       Kick              |       |       |    16 |       ||    16
Throw: Tomahawk          |       |       |    17 |    32 ||    49
       Large rock        |       |       |       |     4 ||     4
 Abil: Evoke Flight      |       |     1 |       |     1 ||     2
Evoke: Wand              |       |       |     2 |     1 ||     3
  Use: Scroll            |     5 |     7 |     9 |    13 ||    34
       Potion            |     1 |     3 |     6 |     3 ||    13
  Eat: Chunk             |     8 |    23 |    47 |    21 ||    99
       Meat ration       |       |       |       |     1 ||     1
       Royal jelly       |       |       |       |     1 ||     1
Armor: Robe              |    45 |   118 |   140 |    56 ||   359
Dodge: Dodged            |    24 |    96 |   167 |    91 ||   378
Block: Shield            |    64 |   166 |   242 |   125 ||   597
